 Dungeon Crawl Stone Soup version 0.27.1-33-g824d729ab1 (webtiles) character file.

Game seed: 6407488539471598368

1517 zeram the Cudgeller (level 8, -1/49 HPs)
             Began as a Gargoyle Fighter on Dec 15, 2021.
             Slain by an orc warrior (15 damage)
             ... on level 6 of the Dungeon.
             The game lasted 00:10:33 (6379 turns).

zeram the Cudgeller (Gargoyle Fighter)              Turns: 6379, Time: 00:10:34

Health: -1/49      AC: 17    Str: 22    XL:     8   Next: 83%
Magic:  17/17      EV:  9    Int:  3    God:
Gold:   293        SH: 10    Dex: 11    Spells: 7/7 levels left

rFire    . . .     SeeInvis .   a - +0 flail
rCold    . . .     Faith    .   c - +0 kite shield
rNeg     + . .     Spirit   .   b - +0 scale mail
rPois    ∞         Reflect  .   f - +0 helmet
rElec    +         Harm     .   s - +0 cloak
rCorr    .         Rampage  .   (no gloves)
Will     ++...                  (no boots)
Stlth    ..........             (no amulet)
HPRegen  0.16/turn              i - ring of Emnem {rPois Will++ MP+9 Int-4 Dex+2}
MPRegen  0.15/turn              (no ring)

@: no status effects
A: sickness immunity, AC +5, negative energy resistance 1, electricity
resistance, torment resistance 1, petrification resistance, iridescent scales 1,
dopey 1
a: no special abilities


You were on level 6 of the Dungeon.
You visited 1 branch of the dungeon, and saw 6 of its levels.

You collected 293 gold pieces.

Inventory:

Hand Weapons
 a - a +0 flail (weapon)
 m - a +0 dagger of holy wrath
Missiles
 e - 27 poisoned darts (quivered)
Armour
 b - a +0 scale mail (worn)
 c - a +0 kite shield (worn)
 f - a +0 helmet (worn)
 s - a +0 cloak (worn)
Jewellery
 i - the ring of Emnem (left hand) {rPois Will++ MP+9 Int-4 Dex+2}
   (You took it off an orc on level 5 of the Dungeon)

   [ring of magical power]

   Int:       It affects your intelligence (-4).
   Dex:       It affects your dexterity (+2).
   rPois:     It protects you from poison.
   MP:        It affects your magic capacity (+9).
   Will:      It greatly increases your willpower.
 j - an amulet of faith
Wands
 l - a wand of flame (26)
Scrolls
 g - a scroll of enchant weapon
 n - a scroll of brand weapon {unknown}
 p - a scroll of holy word
 q - a scroll of noise {unknown}
Potions
 d - 2 potions of might
 k - a potion of cancellation {unknown}
 o - a potion of brilliance
 r - a potion of haste


   Skills:
 + Level 5.3 Fighting
 + Level 6.6 Maces & Flails
 + Level 6.0 Armour
 + Level 2.5 Dodging
 + Level 6.5 Shields


You had 7 spell levels left.
You didn't know any spells.
Your spell library contained the following spells:

 Spells                   Type           Power      Damage    Failure   Level
 Passwall                 Tmut/Erth      0%         N/A       100%        2
 Swiftness                Air            0%         N/A       100%        3
 Invisibility             Hex            0%         N/A       100%        6


Dungeon Overview and Level Annotations

Branches:
Dungeon (6/15)
 Temple: D:4-7

Altars:
Qazlal
Xom

Shops:
D:1 *

Annotations:
D:6 Pikel


Innate Abilities, Weirdness & Mutations

You are immune to sickness and miasma.
Your stone body is resilient. (AC +5)
You are immune to poison.
You resist negative energy. (rN+)
You are resistant to electric shocks. (rElec)
You are resistant to unholy torment.
You are immune to petrification.
You are partially covered in iridescent scales. (AC +2)
You are dopey. (Int -2)


Message History

You hit the centaur zombie.
The centaur zombie is almost destroyed.
You block the centaur zombie's attack. x2
The centaur zombie hits you but does no damage.
The centaur zombie kicks you but does no damage.
You hit the centaur zombie but do no damage.
The centaur zombie is almost destroyed.
The centaur zombie barely misses you. x2
You block the centaur zombie's attack.
The centaur zombie kicks you but does no damage.
You sock the centaur zombie!
You destroy the centaur zombie!
The orc warrior closely misses you.
Your Armour skill increases to level 6!
You block the orc warrior's attack.
There is a stone staircase leading up here.
You closely miss the orc warrior.
The orc warrior hits you with a +0 halberd.
You sock the orc warrior!
The orc warrior is heavily wounded.
The orc warrior hits you but does no damage.
You closely miss the orc warrior.
The orc warrior is heavily wounded.
The orc warrior hits you with a +0 halberd. x2
You hit the orc warrior but do no damage.
The orc warrior is heavily wounded.
The orc warrior hits you with a +0 halberd!
You hit the orc warrior but do no damage.
The orc warrior is heavily wounded.
The orc warrior hits you with a +0 halberd.
You closely miss the orc warrior.
The orc warrior is heavily wounded.
The orc warrior hits you with a +0 halberd!
You barely miss the orc warrior.
The orc warrior is heavily wounded.
You block the orc warrior's attack.
The orc warrior hits you with a +0 halberd!
* * * LOW HITPOINT WARNING * * *
The orc warrior hits you from afar with a +0 halberd!
You die...

..Z.... .......
###### ######### ...#
#.......# ...#
#.##.##.# ...#
#.#.....###### ...#
#.#......#...# ####
#.#...^....#.# ####
#.#.#@##.....## .Z.#
#.###<#.......# ##.#
#....o#.###.########
#.####### #####.#.#
#......... #..Z)...#
#...###########.
########.### #....#
...........#####....#
...........Z...#....#
...........###.#....#


You could see an orc warrior.

Vanquished Creatures
  A yak (D:4)
  Duvessa (D:4)
  2 black bears
  An ogre (D:4)
  2 phantoms
  A scorpion (D:5)
  A bullfrog (D:3)
  Dowan (D:4)
  A water moccasin skeleton (D:2)
  A bullfrog zombie (D:5)
  3 centaur zombies
  A jelly (D:4)
  A centaur skeleton (D:5)
  5 orc wizards
  2 scorpion zombies (D:5)
  4 iguanas (D:5)
  4 gnolls (D:4)
  3 adders
  An ufetubus (D:4)
  2 worms
  3 dart slugs
  13 orcs
  2 endoplasms
  8 goblins
  9 hobgoblins
  7 jackals
  6 quokkas
  9 ball pythons
  4 bats
  2 frilled lizards
  A jackal skeleton (D:4)
  6 kobolds
  5 rats
113 creatures vanquished.

Notes
Turn   | Place    | Note
-------+----------+-------------------------------------------
     0 | D:1      | zeram the Gargoyle Fighter began the quest for the Orb.
     0 | D:1      | Reached XP level 1. HP: 14/14 MP: 1/1
   243 | D:1      | Reached XP level 2. HP: 19/19 MP: 2/2
   363 | D:1      | Found Hilosype's General Store.
   399 | D:1      | Found a faded altar of an unknown god.
   872 | D:2      | Reached XP level 3. HP: 23/24 MP: 3/3
  1221 | D:2      | Reached XP level 4. HP: 26/29 MP: 4/4
  1287 | D:2      | Found a shimmering altar of Xom.
  1790 | D:3      | Reached XP level 5. HP: 33/33 MP: 5/5
  1888 | D:3      | Noticed a phantom
  1906 | D:3      | Killed a phantom
  2543 | D:3      | Found a stormy altar of Qazlal.
  2919 | D:3      | Reached skill level 1 in Dodging
  2919 | D:3      | Reached XP level 6. HP: 23/38 MP: 6/6
  3356 | D:4      | Noticed Duvessa
  3356 | D:4      | Noticed Dowan
  3367 | D:4      | Killed Duvessa
  3368 | D:4      | Reached skill level 5 in Shields
  3379 | D:4      | Killed Dowan
  3380 | D:4      | Reached XP level 7. HP: 27/44 MP: 7/7
  4026 | D:3      | Gained mutation: You are dopey. (Int -2) [potion of
                  | mutation]
  4026 | D:3      | Gained mutation: You are partially covered in iridescent
                  | scales. (AC +2) [potion of mutation]
  4274 | D:5      | Entered Level 5 of the Dungeon
  4280 | D:5      | Reached skill level 5 in Armour
  4313 | D:5      | Noticed a yak
  4314 | D:5      | Noticed a yak
  4314 | D:5      | Noticed a yak
  4316 | D:5      | Noticed a yak
  4338 | D:4      | Killed a yak
  4339 | D:4      | Reached skill level 5 in Maces & Flails
  4707 | D:4      | Reached XP level 8. HP: 36/48 MP: 8/8
  4711 | D:4      | Reached skill level 5 in Fighting
  4974 | D:5      | Identified the ring of Emnem {rPois Will++ MP+9 Int-4
                  | Dex+2}
  5642 | D:6      | Noticed Pikel
  5667 | D:6      | HP: 2/49 [Pikel (5)]
  6379 | D:6      | Slain by an orc warrior

Illustrated notes

Levels and vault maps discovered:
D:1:      amcnicky_arrival_abandoned_market, layout_basic, serial_glass,
          glass_columns_b, glass_columns_a, glass_columns_b, glass_columns_a,
          glass_columns_a, glass_columns_a, feat_on_display,
          due_unseen_surprise, feat_on_display, serial_shops,
          nicolae_shop_stone, basic_ecumenical_altar, nrook_uturn
D:2:      cheibrodos_greedy_goblins, layout_loops_cross, basic_altar
D:3:      layout_basic, general_overflow_altar, serial_curves, eino_curves_02,
          eino_curves_04, eino_curves_03, eino_curves_02
D:4:      layout_rooms, uniq_duvessa
D:5:      layout_gridville, st_stairs_7, corner_web_ring
D:6:      layout_basic, uniq_pikel

Skill      XL: |  1  2  3  4  5  6  7  8 |
---------------+-------------------------+-----
Fighting       | 4 5 |  5.3
Maces & Flails | 3 4 5 6 |  6.6
Shields        | 4 5 6 |  6.5
Armour         | 4 5 6 |  6.0
Dodging        | 1 2 |  2.5

Action                   |  1- 3 |  4- 6 |  7- 9 || total
-------------------------+-------+-------+-------++-------
Melee: Flail             |   118 |   155 |   305 ||   578
  Use: Scroll            |     5 |     1 |     5 ||    11
       Potion            |       |     3 |     5 ||     8
Armor: Scale mail        |    83 |   117 |   219 ||   419
Dodge: Dodged            |    44 |    75 |    98 ||   217
Block: Kite shield       |    69 |   106 |   199 ||   374
